 Dungeon Crawl Stone Soup version 0.30.1-9-gdf580d7c3d (webtiles) character file.

Game seed: 12146387475661547245

40 GortTheUntimely the Shield-Bearer (level 3, 0/36 HPs)
             Began as a Troll Fighter on Oct 24, 2023.
             Was a Follower of Nemelex Xobeh.
             Killed by divine providence
             ... invoked by an orc priest
              (13 damage)
             ... on level 4 of the Dungeon.
             The game lasted 00:13:06 (1052 turns).

GortTheUntimely the Shield-Bearer (Troll Fighter)   Turns: 1052, Time: 00:13:07

Health: 0/36       AC:  4    Str: 24    XL:     3   Next: 30%
Magic:  2/2        EV:  9    Int:  4    God:    Nemelex Xobeh [*.....]
Gold:   62         SH:  8    Dex: 11    Spells: 2/2 levels left

rFire   . . .        q - +0 mace (holy)
rCold   + . .        b - +0 kite shield
rNeg    . . .        a - +0 robe
rPois   +            (helmet restricted)
rElec   .            (no cloak)
rCorr   .            (gloves unavailable)
SInv    .            (boots unavailable)
Will    .....        (no amulet)
Stlth   +            f - ring of protection from cold
HPRegen 1.06/turn    g - ring of poison resistance
MPRegen 0.08/turn

%: no passive effects
@: no status effects
A: large, unfitting armour, claws 3, regeneration 1, shaggy fur 1, tough skin 1
a: Renounce Religion, Draw Escape, Draw Destruction, Draw Summoning


You were on level 4 of the Dungeon.
You worshipped Nemelex Xobeh.
Nemelex Xobeh was aware of your devotion.
You visited 1 branch of the dungeon, and saw 4 of its levels.

You collected 62 gold pieces.

Inventory:

Hand Weapons
 e - a +0 club
 h - a +0 hand axe
 i - a +0 dagger
 m - a +0 short sword
 q - a +0 mace of holy wrath (weapon)
Missiles
 d - 14 stones (quivered)
Armour
 a - a +0 robe (worn)
 b - a +0 kite shield (worn)
 r - a +0 leather armour
Jewellery
 f - a ring of protection from cold (left claw)
 g - a ring of poison resistance (right claw)
Scrolls
 k - 2 scrolls of identify {unknown}
 l - a scroll of amnesia {unknown}
 n - a scroll of teleportation {unknown}
 p - a scroll of enchant armour {unknown}
Potions
 c - a potion of might
 j - a potion of berserk rage {unknown}
 o - 3 potions of curing


   Skills:
 + Level 2.8 Fighting
 + Level 0.3(0.5) Axes
 + Level 0.3(0.5) Maces & Flails
 + Level 2.6 Dodging
 + Level 0.1 Stealth
 + Level 3.1 Shields
 + Level 2.1 Unarmed Combat


You had 2 spell levels left.
You didn't know any spells.
Your spell library contained the following spells:

 Spells                   Type           Power      Damage    Failure   Level
 Apportation              Tloc           0%         N/A       77%         1
 Static Discharge         Conj/Air       0%         2-2/arc   88%         2
 Airstrike                Air            0%         2d(0-16)  100%        4
 Summon Lightning Spire   Summ/Air       0%         N/A       100%        4
 Alistair's Intoxication  Tmut/Pois      0%         N/A       100%        5


Dungeon Overview and Level Annotations

Branches:
Dungeon (4/15)
 Temple: D:4-7

Altars:
Nemelex Xobeh

Shops:
D:1 [

Annotations:
D:4 Natasha


Innate Abilities, Weirdness & Mutations

You are too large for most types of armour.
You have claws for hands.
Your natural rate of healing is unusually fast.
You are covered in fur. (AC +1)
You have tough skin. (AC +1)


Message History

You hit the orc but do no damage.
The orc is almost dead.
The orc hits you but does no damage.
You hit the orc.
You kill the orc!
You block the scorpion's attack.
You closely miss the scorpion. The scorpion stings you!
You barely miss the scorpion. The scorpion stings you.
* * * LOW HITPOINT WARNING * * *
The scorpion completely misses you.
You hit the scorpion but do no damage. The scorpion barely misses you.
The scorpion stings you but does no damage.
You thump the scorpion!
The scorpion is heavily wounded.
The scorpion stings you. The scorpion misses you.
You barely miss the scorpion.
The scorpion is moderately wounded.
The scorpion stings you. x2
* * * LOW HITPOINT WARNING * * *
Natasha, Servant of Life and Death comes into view.
Natasha hisses angrily.
You hit the scorpion.
The scorpion is heavily wounded.
The scorpion misses you.
The orc priest casts a cantrip, but nothing happens.
You block the scorpion's attack.
You barely miss the scorpion.
The scorpion is heavily wounded.
The scorpion stings you.
* * * LOW HITPOINT WARNING * * *
You block the scorpion's attack.
You hit the scorpion.
The scorpion is severely wounded.
The scorpion closely misses you. The scorpion barely misses you.
You barely miss the scorpion.
The scorpion is severely wounded.
The orc priest invokes the aid of Beogh against you.
Beogh smites you!
You die...
Your body glows slightly and disappears.

..... .......#....
.#.. .....##....
...## #.........
....####...#.....
.<..........######.
?......>...........
.............#####
...........ooo######
............#oos@..#
....#.......######.#
......).....# #
...#####....# ##...#
#####


You could see a scorpion, an orc priest and 4 orcs.

Vanquished Creatures
  An adder (D:3)
  2 dart slugs (D:1)
  2 orcs (D:4)
  3 goblins
  6 hobgoblins
  2 quokkas (D:1)
  3 ball pythons (D:1)
  3 bats (D:1)
  A frilled lizard (D:3)
  A kobold (D:3)
24 creatures vanquished.

Notes
Turn   | Place    | Note
-------+----------+-------------------------------------------
     0 | D:1      | GortTheUntimely the Troll Fighter began the quest for the
                  | Orb.
     0 | D:1      | Reached XP level 1. HP: 22/22 MP: 0/0
    90 | D:1      | Found Meleag's Armour Shoppe.
   192 | D:1      | Reached XP level 2. HP: 29/29 MP: 1/1
   224 | D:1      | Found a faded altar of an unknown god.
   261 | D:1      | Prayed at the altar of an unknown god.
   261 | D:1      | Became a worshipper of Nemelex Xobeh the Trickster
   261 | D:1      | Reached * piety under Nemelex Xobeh
   261 | D:1      | Received a gift from Nemelex Xobeh
   458 | D:1      | Reached skill level 3 in Shields
   904 | D:3      | Reached XP level 3. HP: 36/36 MP: 2/2
  1021 | D:4      | Noticed a scorpion
  1048 | D:4      | Noticed Natasha
  1052 | D:4      | Killed from afar by an orc priest

Illustrated notes

Levels and vault maps discovered:
D:1:      lightli_arrival_maybe_door_vault, layout_loops_ring,
          nicolae_ecumenical_snake_handling, serial_shops, shop,
          nicolae_shop_rolled_up
D:2:      layout_rooms, serial_curves, eino_curves_03, eino_curves_02,
          kennysheep_generic_room_16
D:3:      layout_basic
D:4:      minmay_octagon_keep, layout_rooms, nicolae_qazlal_eye_of_the_storm,
          minmay_temple_entry_mini_moons, uniq_ijyb, uniq_crazy_yiuf_cottage,
          uniq_natasha

Skill      XL: |  1  2 |
---------------+-------+-----
Shields        | 3 |  3.1
Fighting       | |  2.8
Axes           | |  0.3
Maces & Flails | |  0.3
Dodging        | |  2.6
Stealth        | |  0.1
Unarmed Combat | |  2.1

Action                     || total
---------------------------++-------
  Melee: Club              ||     9
         Unarmed           ||     7
         Hand axe          ||    60
         Mace              ||    25
    Use: Potion            ||     1
 Armour: Robe              ||    33
  Dodge: Dodged            ||    41
  Block: Kite shield       ||    58
